 Dungeon Crawl Stone Soup version 0.21.1-1-g345015f (webtiles) character file.

914 empire the Destroyer (level 7, -1/40 HPs)
             Began as a Deep Elf Conjurer on June 21, 2018.
             Slain by a two-headed ogre
             ... wielding a +0 dire flail
              (3 damage)
             ... on level 6 of the Dungeon.
             The game lasted 00:12:54 (5776 turns).

empire the Destroyer (Deep Elf Conjurer)            Turns: 5776, Time: 00:12:55

Health: -1/40      AC:  6    Str:  6    XL:     7   Next: 82%
Magic:  0/15       EV: 14    Int: 21    God:
Gold:   66         SH:  0    Dex: 15    Spells: 0/14 levels left

rFire    + . .     SeeInvis .   b - +0 short sword
rCold    + . .     Gourm    .   (no shield)
rNeg     . . .     Faith    .   p - +2 robe {rC+ rF+}
rPois    .         Spirit   +   (no helmet)
rElec    .         Reflect  .   k - scarf {Spirit}
rCorr    .         Harm     .   (no gloves)
MR       +....                  x - +1 pair of boots
Stlth    ++++......             (no amulet)
HPRegen  0.13/turn              l - ring of stealth
MPRegen  0.14/turn              E - ring of protection from magic

@: no status effects
A: no striking features
a: no special abilities


You were on level 6 of the Dungeon.
You were hungry.

You visited 1 branch of the dungeon, and saw 6 of its levels.

You collected 198 gold pieces.
You spent 132 gold pieces at shops.

Inventory:

Hand Weapons
 a - a +0 dagger
 b - a +0 short sword (weapon)
 m - a +3 quarterstaff of chaos
 n - a +0 antimagic spear
 t - a +0 hunting sling of flaming
 v - a +1 shortbow of flaming
 y - a +0 trident of piercing
 H - a +0 mace of pain
Missiles
 w - 32 arrows
Armour
 k - a scarf of spirit shield (worn)
 p - a +2 robe of resistance (worn)
 x - a +1 pair of boots (worn)
 G - a +0 cloak
Jewellery
 l - a ring of stealth (left hand)
 z - an uncursed ring of positive energy
 E - a ring of protection from magic (right hand)
Wands
 e - a wand of acid (7)
Scrolls
 d - a scroll of teleportation
 i - 5 scrolls of remove curse
 u - a scroll of noise
 B - a scroll of magic mapping
 C - a scroll of vulnerability
 D - 3 scrolls of identify
Potions
 g - 2 potions of curing
 h - a potion of ambrosia
 j - a potion of agility
 o - a potion of flight
 q - a potion of heal wounds
 r - a potion of lignification
 A - a potion of cancellation {unknown}
Books
 f - a book of Conjurations

   Spells                             Type                      Level
   a - Magic Dart                     Conjuration                  1
   b - Searing Ray                    Conjuration                  2
   c - Dazzling Spray                 Conjuration/Hexes            3
   d - Fulminant Prism                Conjuration/Hexes            4
   e - Force Lance                    Conjuration/Translocation    4
   f - Iskenderun's Mystic Blast      Conjuration                  4
 F - a book of Maledictions

   Spells                             Type                      Level
   a - Corona                         Hexes                        1
   b - Ensorcelled Hibernation        Hexes/Ice                    2
   c - Confuse                        Hexes                        3
   d - Tukima's Dance                 Hexes                        3
   e - Dazzling Spray                 Conjuration/Hexes            3
Comestibles
 c - 11 rations
 s - a chunk of flesh


   Skills:
 - Level 2.3 Fighting
 - Level 4.0 Dodging
 - Level 4.0 Stealth
 - Level 4.0 Spellcasting
 + Level 9.0 Conjurations
 - Level 1.0 Hexes


You couldn't memorise any spells.
You knew the following spells:

 Your Spells              Type           Power        Failure   Level  Hunger
a - Magic Dart            Conj           ####         1%          1    None
b - Searing Ray           Conj           #####.       1%          2    #......
c - Dazzling Spray        Conj/Hex       ####..       4%          3    ###....
d - Iskenderun's Mystic   Conj           #####...     2%          4    ####...
e - Force Lance           Conj/Tloc      ###.....     19%         4    ####...


Dungeon Overview and Level Annotations

Branches:
Dungeon (6/15)
 Temple: D:4-7

Altars:
Fedhas
Ru

Shops:
D:5 *


Message History

The searing ray hits the two-headed ogre.
The two-headed ogre is severely wounded. (Press . to maintain the ray.)
The two-headed ogre hits you with a dire flail!
The two-headed ogre barely misses you.
The searing ray hits the two-headed ogre.
The two-headed ogre is severely wounded.
The two-headed ogre hits you with a dire flail!
The two-headed ogre hits you with a giant club!
* * * LOW HITPOINT WARNING * * *
The searing ray hits the two-headed ogre.
The two-headed ogre is almost dead.
The two-headed ogre barely misses you.
The two-headed ogre hits you with a giant club.
* * * LOW HITPOINT WARNING * * *
The searing ray hits the two-headed ogre.
The two-headed ogre is almost dead.
You finish channeling your searing ray.
The two-headed ogre hits you with a dire flail.
You die...

##...## #....
##...## #....
#.#..##
#....#
#.##..##
......
#.###..#
..?...#
#..###.#
.......##..#
###
.......O#..#
.......@...#
...........#
........#..#
......###....
.....#
....... .....
.........
....
..........
....
..........
...........


You could see a two-headed ogre.

Vanquished Creatures
  Sigmund (D:5)
  An ogre (D:4)
  A centaur (D:3)
  A scorpion (D:5)
  A howler monkey (D:4)
  The ghost of dscm the Digger, a weakling OpEE (D:4)
  A crimson imp (D:5)
  An orc priest (D:3)
  Crazy Yiuf (D:5)
  A bullfrog skeleton (D:5)
  A centaur skeleton (D:4)
  Jessica (D:2)
  An iguana (D:4)
  2 worker ants
  5 gnolls
  8 adders
  A shadow imp (D:5)
  An adder skeleton (D:5)
  2 adder zombies (D:5)
  2 worms
  2 leopard geckos
  4 orcs
  8 bats
  6 giant cockroaches
  6 goblins
  4 hobgoblins
  7 jackals
  5 kobolds
  7 frilled lizards
  2 leopard gecko skeletons (D:4)
  12 rats
97 creatures vanquished.

Notes
Turn   | Place    | Note
-------+----------+-------------------------------------------
     0 | D:1      | empire the Deep Elf Conjurer began the quest for the Orb.
     0 | D:1      | Reached XP level 1. HP: 10/10 MP: 6/6
   334 | D:1      | Reached XP level 2. HP: 15/15 MP: 0/8
   356 | D:1      | Reached skill level 5 in Conjurations
  1034 | D:1      | Reached XP level 3. HP: 19/19 MP: 10/10
  1137 | D:1      | Learned a level 2 spell: Searing Ray
  1141 | D:1      | Learned a level 3 spell: Dazzling Spray
  1447 | D:2      | Noticed Jessica
  1463 | D:2      | Killed Jessica
  1942 | D:2      | Reached XP level 4. HP: 24/24 MP: 8/12
  2648 | D:3      | Found a faded altar of an unknown god.
  2679 | D:3      | Reached XP level 5. HP: 28/28 MP: 10/13
  2823 | D:3      | Noticed a centaur
  2835 | D:3      | Killed a centaur
  2990 | D:3      | Learned a level 4 spell: Iskenderun's Mystic Blast
  2999 | D:3      | Reached skill level 1 in Hexes
  3465 | D:4      | Reached XP level 6. HP: 32/35 MP: 1/14
  3788 | D:4      | Noticed dscm's ghost (weakling OpEE)
  3790 | D:4      | Killed dscm's ghost
  3790 | D:4      | Reached skill level 6 in Conjurations
  4414 | D:4      | Reached skill level 7 in Conjurations
  4414 | D:4      | Reached XP level 7. HP: 40/40 MP: 8/15
  4719 | D:5      | Entered Level 5 of the Dungeon
  5053 | D:5      | Noticed Sigmund
  5054 | D:5      | Found Pisim's General Store.
  5062 | D:5      | Killed Sigmund
  5062 | D:5      | Reached skill level 8 in Conjurations
  5090 | D:5      | Bought a scroll of magic mapping for 42 gold pieces
  5090 | D:5      | Bought a scroll of vulnerability for 90 gold pieces
  5098 | D:5      | Found a blossoming altar of Fedhas.
  5181 | D:5      | Found a sacrificial altar of Ru.
  5327 | D:5      | Learned a level 4 spell: Force Lance
  5440 | D:5      | Found a runed door.
  5468 | D:5      | Noticed Crazy Yiuf
  5513 | D:5      | Killed Crazy Yiuf
  5620 | D:6      | Reached skill level 9 in Conjurations
  5623 | D:6      | Noticed a two-headed ogre
  5775 | D:6      | HP: 2/40 [two-headed ogre/dire flail (2)]
  5776 | D:6      | Slain by a two-headed ogre

Skill      XL: |  1  2  3  4  5  6  7 |
---------------+----------------------+-----
Conjurations   | 5 7 9 |  9.0
Spellcasting   | 4 |  4.0
Stealth        | 4 |  4.0
Dodging        | 4 |  4.0
Fighting       | 2 |  2.3
Hexes          | 1 |  1.0

Action                   |  1- 3 |  4- 6 |  7- 9 || total
-------------------------+-------+-------+-------++-------
Melee: Dagger            |    11 |       |       ||    11
       Short sword       |    23 |    34 |    53 ||   110
       Unarmed           |       |       |     2 ||     2
 Cast: Magic Dart        |    36 |    91 |    17 ||   144
       Searing Ray       |       |    10 |    10 ||    20
       Iskenderun's Myst |       |     3 |       ||     3
       Dazzling Spray    |       |       |     2 ||     2
  Use: Potion            |       |     1 |       ||     1
       Scroll            |       |     9 |     3 ||    12
 Stab: Sleeping          |     9 |     4 |     7 ||    20
  Eat: Chunk             |     3 |     8 |     4 ||    15
Armor: Robe              |     4 |    14 |    18 ||    36
Dodge: Dodged            |    22 |    59 |    49 ||   130
